 Dungeon Crawl Stone Soup version 0.25.1-2-g60ff931df9 (webtiles) character file.

Game seed: 5339332011025929750

31 ew1980 the Ruffian (level 3, -2/35 HPs)
             Began as an Ogre Transmuter on Nov 24, 2020.
             Slain by Natasha (7 damage)
             ... on level 2 of the Dungeon.
             The game lasted 00:02:19 (1687 turns).

ew1980 the Ruffian (Ogre Transmuter)                Turns: 1687, Time: 00:02:20

Health: -2/35      AC:  3    Str: 14    XL:     3   Next: 22%
Magic:  5/7        EV: 10    Int: 15    God:
Gold:   101        SH:  0    Dex:  9    Spells: 1/7 levels left

rFire    . . .     SeeInvis .     - Unarmed
rCold    . . .     Gourm    .   (no shield)
rNeg     . . .     Faith    .   b - +0 robe
rPois    .         Spirit   .   (helmet restricted)
rElec    .         Reflect  .   (no cloak)
rCorr    .         Harm     .   (gloves unavailable)
MR       .....                  (boots unavailable)
Stlth    +.........             (no amulet)
HPRegen  0.11/turn              (no ring)
MPRegen  0.10/turn              (no ring)

@: no status effects
A: large, unfitting armour, tough skin 1
a: no special abilities


You were on level 2 of the Dungeon.
You were not hungry.

You visited 1 branch of the dungeon, and saw 2 of its levels.

You collected 101 gold pieces.

Inventory:

Hand Weapons
 m - a +0 battleaxe of draining
Missiles
 a - 26 arrows
 k - 2 throwing nets (quivered)
Armour
 b - a +0 robe (worn)
Scrolls
 c - 2 scrolls of identify {unknown}
 f - 2 scrolls of remove curse {unknown}
 g - a scroll of blinking {unknown}
Potions
 e - 2 potions of curing {unknown}
 h - a potion of magic {unknown}
 j - a potion of ambrosia {unknown}
 l - a potion of resistance {unknown}
Comestibles
 d - a ration
 i - a chunk of flesh


   Skills:
 + Level 2.2 Fighting
 + Level 2.1 Dodging
 + Level 2.9 Unarmed Combat
 + Level 2.8 Spellcasting
 + Level 2.1 Transmutations


You had one spell level left.
You knew the following spells:

 Your Spells              Type           Power        Failure   Level  Hunger
a - Beastly Appendage     Tmut           #.....       9%          1    #......
b - Sticks to Snakes      Tmut           #.......     13%         2    ##.....
c - Spider Form           Tmut/Pois      #.........   36%         3    ###....

Your spell library contained the following spells:

 Spells                   Type           Power        Failure   Level  Hunger
 Ice Form                 Ice/Tmut       #.......     78%         4    #####..
 Blade Hands              Tmut           #.........   93%         5    ######.


Dungeon Overview and Level Annotations

Branches:
Dungeon (2/15)

Altars:

Annotations:
D:2 Natasha


Innate Abilities, Weirdness & Mutations

You are too large for most types of armour.
You have tough skin. (AC +1)


Message History

Your ball python dies!
The crimson imp blinks!
Natasha stares at you and mumbles some strange words.
The magic dart hits you!
You miss Natasha.
Natasha is lightly wounded.
The shadow imp barely misses you. Natasha claws you!
You barely miss Natasha.
Natasha is lightly wounded.
The crimson imp blinks!
The shadow imp hits you but does no damage.
Natasha claws you.
* * * LOW HITPOINT WARNING * * *
Unknown command.
You miss Natasha.
Natasha is lightly wounded.
The crimson imp blinks!
The shadow imp hits you.
* * * LOW HITPOINT WARNING * * *
Natasha claws you!
You die...

### #.#### ###
.....# ####.#####
.....######...#.55.#
...#.........###@#.#
#.#########.#.#h##
#.# #.#.§. #.#
#.#...# #+# #.#...#
#.5.... ####§### #.


You could see Natasha, 2 crimson imps and a shadow imp (summoned).

Vanquished Creatures
  A worm (D:2)
  A dart slug (D:1)
  A leopard gecko (D:2)
  3 bats (D:1)
  2 giant cockroaches (D:1)
  5 goblins
  2 hobgoblins
  A kobold (D:1)
  5 frilled lizards
  3 rats (D:1)
24 creatures vanquished.

Notes
Turn   | Place    | Note
-------+----------+-------------------------------------------
     0 | D:1      | ew1980 the Ogre Transmuter began the quest for the Orb.
     0 | D:1      | Reached XP level 1. HP: 19/19 MP: 3/3
   359 | D:1      | Reached XP level 2. HP: 25/28 MP: 5/5
   363 | D:1      | Learned a level 2 spell: Sticks to Snakes
   982 | D:2      | Reached XP level 3. HP: 12/35 MP: 7/7
  1189 | D:2      | Learned a level 3 spell: Spider Form
  1679 | D:2      | Noticed Natasha
  1687 | D:2      | Slain by Natasha

Illustrated notes

Levels and vault maps discovered:
D:1:      dpeg_arrival_windows_large_door, layout_loops_ring
D:2:      layout_loops_corners, uniq_natasha

Skill      XL: |  1  2 |
---------------+-------+-----
Dodging        | 2 |  2.1
Transmutations | 2 |  2.1
Fighting       | 2 |  2.2
Unarmed Combat | |  2.9
Spellcasting   | |  2.8

Action                   || total
-------------------------++-------
Melee: Unarmed           ||   135
       Punch             ||     1
       Headbutt          ||     3
       Kick              ||     1
 Cast: Beastly Appendage ||     4
       Sticks to Snakes  ||     2
  Eat: Chunk             ||     3
Armor: Robe              ||    46
Dodge: Dodged            ||    72
